 Dungeon Crawl Stone Soup version 0.24.0-1-gfbc8707 (webtiles) character file.

Game seed: 6779551030514501457, levelgen mode: deterministic

146958 Faca the Corrupter of Planes (level 17, -11/135 HPs)
             Began as a Gnoll Abyssal Knight on Nov 1, 2019.
             Was the Champion of Lugonu.
             Hit by a javelin thrown by a merfolk javelineer (13 damage)
             ... on level 4 of the Shoals.
             The game lasted 01:54:44 (40625 turns).

Faca the Corrupter of Planes (GnAK)                Turns: 40625, Time: 01:54:45

Health: -11/135    AC: 25    Str: 31    XL:     17   Next: 45%
Magic:  27/41      EV: 17    Int: 15    God:    Lugonu [******]
Gold:   1899       SH: 21    Dex: 15    Spells: 38/38 levels left

rFire    + . .     SeeInvis +   V - +6 double sword (flame)
rCold    + + .     Gourm    .   l - +1 shield
rNeg     + . .     Faith    .   I - +5 scale mail of the Lute {rF+ rN+}
rPois    +         Spirit   .   T - +2 helmet
rElec    .         Reflect  +   a - +0 cloak
rCorr    .         Harm     .   j - +1 pair of gloves
MR       ++...                  O - +2 pair of boots {run}
Stlth    ++........             B - +6 amulet of reflection
HPRegen  0.32/turn              L - ring "Nanwoebb" {+Blink rC+ MP+9 Str+10 Dex-4}
MPRegen  0.27/turn              W - ring of Minli {rPois rC+ MR+ Dex+4 SInv}

@: about to teleport, mesmerised, very slightly contaminated, very slow
A: distributed training, fangs 1, strong nose
a: Depart the Abyss, Bend Space, Banish, Corrupt, Enter the Abyss, Brand Weapon
With Distortion, Renounce Religion, Evoke Blink


You were on level 4 of the Shoals.
You worshipped Lugonu.
Lugonu was exalted by your worship.
You were hungry.

You visited 5 branches of the dungeon, and saw 26 of its levels.
You visited the Abyss 1 time.
You also visited: Sewer, Bailey, Ice Cave and Volcano.

You collected 2891 gold pieces.
You spent 992 gold pieces at shops.

Inventory:

Hand Weapons
 v - a +0 demon trident of draining
 E - the +6 hunting sling of Upheaval {flame, rElec rC+ rN+}
   (You found it in an ice cave)

   It causes projectiles fired from it to burn those they strike, causing extra
   injury to most foes and up to half again as much damage against particularly
   susceptible opponents.
   It protects you from cold.
   It insulates you from electricity.
   It protects you from negative energy.
 V - a +6 double sword of flaming (weapon)
Missiles
 F - 414 stones
 G - 54 boomerangs (quivered)
 X - 107 sling bullets
 Y - a throwing net
Armour
 a - a +0 cloak (worn)
 j - a +1 pair of gloves (worn)
 l - a +1 shield (worn)
 I - the +5 scale mail of the Lute (worn) {rF+ rN+}
   (You took it off an orc on level 3 of the Dungeon)

   It protects you from fire.
   It protects you from negative energy.
 O - a +2 pair of boots of running (worn)
 Q - a +0 large shield
 T - a +2 helmet (worn)
Jewellery
 i - an uncursed ring of resist corrosion
 B - a +6 amulet of reflection (around neck)
 J - the ring of Xom's Envy {rC+ rN+ MR+}
   (You found it on level 8 of the Dungeon)

   [ring of protection from magic]

   It protects you from cold.
   It protects you from negative energy.
   It affects your resistance to hostile enchantments.
 L - the ring "Nanwoebb" (left hand) {+Blink rC+ MP+9 Str+10 Dex-4}
   (You acquired it in a bailey)

   [ring of protection from cold]

   It affects your strength (+10).
   It affects your dexterity (-4).
   It protects you from cold.
   It affects your magic capacity (+9).
   It lets you blink.
 W - the ring of Minli (right hand) {rPois rC+ MR+ Dex+4 SInv}
   (You bought it in a shop on level 6 of the Dungeon)

   [ring of protection from cold]

   It affects your dexterity (+4).
   It protects you from cold.
   It protects you from poison.
   It affects your resistance to hostile enchantments.
   It lets you see invisible.
Wands
 f - a wand of clouds (3)
 p - a wand of digging (3)
 w - a wand of disintegration (19)
 R - a wand of iceblast (20)
 S - a wand of acid (14)
Scrolls
 d - 6 scrolls of remove curse
 e - 3 scrolls of teleportation
 m - 6 scrolls of identify
 r - 3 scrolls of magic mapping
 s - 3 scrolls of enchant armour
 x - a scroll of fog
 z - 2 scrolls of enchant weapon
 P - a scroll of immolation
 Z - a scroll of silence
Potions
 b - 2 potions of cancellation
 g - a potion of berserk rage
 n - a potion of ambrosia
 o - 6 potions of agility
 q - a potion of lignification
 t - 4 potions of flight
 A - 3 potions of mutation
 C - 3 potions of invisibility
 K - 3 potions of resistance
 M - a potion of might
 N - 2 potions of haste
 U - 6 potions of brilliance
Comestibles
 c - 34 rations


   Skills:
 + Level 12.8 Fighting
 + Level 11.3 Short Blades
 + Level 12.1 Long Blades
 + Level 11.3 Axes
 + Level 11.3 Maces & Flails
 + Level 11.3 Polearms
 + Level 11.3 Staves
 + Level 11.3 Slings
 + Level 11.3 Bows
 + Level 11.3 Crossbows
 + Level 11.3 Throwing
 + Level 12.1 Armour
 + Level 11.6 Dodging
 + Level 11.3 Stealth
 + Level 11.3 Shields
 + Level 11.3 Unarmed Combat
 + Level 11.3 Spellcasting
 + Level 9.7 Conjurations
 + Level 9.7 Hexes
 + Level 9.7 Charms
 + Level 9.7 Summonings
 + Level 9.7 Necromancy
 + Level 9.7 Translocations
 + Level 9.7 Transmutations
 + Level 9.7 Fire Magic
 + Level 9.7 Ice Magic
 + Level 9.7 Air Magic
 + Level 9.7 Earth Magic
 + Level 9.7 Poison Magic
 + Level 12.9 Invocations
 + Level 11.3 Evocations


You had 38 spell levels left.
You didn't know any spells.
Your spell library contained the following spells:

 Spells                   Type           Power        Failure   Level  Hunger
 Beastly Appendage        Tmut           #####.       1%          1    None
 Corona                   Hex            #####..      1%          1    None
 Flame Tongue             Conj/Fire      #####        1%          1    None
 Freeze                   Ice            ####         1%          1    None
 Magic Dart               Conj           ####         1%          1    None
 Shock                    Conj/Air       ####         1%          1    None
 Summon Butterflies       Summ           #####...     1%          1    None
 Blink                    Tloc           N/A          1%          2    None
 Call Imp                 Summ           #####...     1%          2    None
 Corpse Rot               Necr           N/A          1%          2    None
 Ensorcelled Hibernation  Hex/Ice        #####.       1%          2    None
 Slow                     Hex            #####...     1%          2    None
 Sticks to Snakes         Tmut           #####...     1%          2    None
 Swiftness                Chrm/Air       #####...     1%          2    None
 Throw Flame              Conj/Fire      #####.       1%          2    None
 Throw Frost              Conj/Ice       #####.       1%          2    None
 Call Canine Familiar     Summ           #####...     1%          3    None
 Confuse                  Hex            #####...     1%          3    None
 Conjure Flame            Conj/Fire      #####...     1%          3    None
 Dazzling Spray           Conj/Hex       #####.       1%          3    None
 Inner Flame              Hex/Fire       #####...     1%          3    None
 Mephitic Cloud           Conj/Pois/Air  #####...     1%          3    None
 Ozocubu's Armour         Chrm/Ice       #####...     1%          3    None
 Spider Form              Tmut/Pois      #####.....   1%          3    None
 Static Discharge         Conj/Air       #####...     1%          3    None
 Stone Arrow              Conj/Erth      #####.       1%          3    None
 Tukima's Dance           Hex            #####...     1%          3    None
 Airstrike                Air            #####.....   4%          4    ###....
 Ice Form                 Ice/Tmut       #####...     4%          4    ###....
 Leda's Liquefaction      Hex/Erth       #####.....   4%          4    ###....
 Sticky Flame             Conj/Fire      #####...     4%          4    ###....
 Summon Ice Beast         Ice/Summ       #####...     4%          4    ###....
 Throw Icicle             Conj/Ice       #####...     4%          4    ###....
 Blade Hands              Tmut           #####.....   12%         5    #####..
 Bolt of Magma            Conj/Fire/Erth #####.....   12%         5    #####..
 Fireball                 Conj/Fire      #####.....   12%         5    #####..
 Iskenderun's Battlesphe  Conj/Chrm      #####...     12%         5    #####..
 Lightning Bolt           Conj/Air       #####.....   12%         5    #####..
 Summon Forest            Summ/Tloc      #####.....   12%         5    #####..
 Summon Mana Viper        Hex/Summ       #####...     12%         5    #####..
 Venom Bolt               Conj/Pois      #####.....   12%         5    #####..
 Hydra Form               Tmut           #####.....   56%         6    ######.
 Iron Shot                Conj/Erth      #####.....   56%         6    ######.
 Orb of Destruction       Conj           #####.....   98%         7    #######
 Spellforged Servitor     Conj/Summ      #####.....   98%         7    #######
 Summon Hydra             Summ           #####.....   98%         7    #######


Dungeon Overview and Level Annotations

Branches:
Dungeon (10/15)            Temple (0/1) D:6            Lair (6/6) D:9
 Shoals (4/4) Lair:2       Spider (4/4) Lair:2        Slime (0/5) Lair:6
    Orc (2/2) D:9             Elf (0/3) Orc:2         Sewer (visited)
 Bailey (visited)           IceCv (visited)         Volcano (visited)

Altars:
Gozag
Ru
Sif Muna
Yredelemnul
Beogh
Jiyva

Shops:
D:6 :(*:=   D:9 (=(!   Orc:2 :%?   Shoals:1 :*(

Annotations:
Lair:1 exclusion: oklob plant
Spider:2 2 runed translucent doors, Vuykkinei's ghost, adept TrBe
Spider:3 1 runed translucent door, GoodDemon3's ghost, adept FoFi
Spider:4 Agnes; Mara
Abyss:1 Arachne


Innate Abilities, Weirdness & Mutations

Your experience applies equally to all skills.
You have very sharp teeth.
Your uncanny sense of smell can sniff out nearby items.


Message History

The scroll dissolves into smoke.
Splash!
You fall into the shallow water.
Moving in this stuff is going to be slow.
The hippogriff screeches!
The merfolk siren shouts!
A merfolk javelineer comes into view.
It is wielding a +2 vampiric spear and wearing a +2 leather armour of poison resistance.
The merfolk javelineer throws a javelin.
The javelin pierces through you.
* * * LOW HITPOINT WARNING * * *
The merfolk siren chants a haunting song.
You are mesmerised by the merfolk siren!
The merfolk javelineer throws a javelin.
The javelin completely misses you.
You hear a splash.
The merfolk shouts!
The merfolk javelineer shouts!
Unknown command.
As you read the scroll of teleportation, it crumbles to dust.
You feel strangely unstable.
The merfolk javelineer throws a javelin.
The javelin pierces through you!
You die...

≈≈≈≈≈(≈≈m.......
.≈≈≈≈≈((≈m≈≈...≈....≈≈≈
.≈≈≈≈≈≈(≈≈≈≈.≈≈≈.......
#.≈≈≈≈≈≈.≈≈≈≈mm≈........
≈.≈..≈≈≈≈m≈≈≈≈≈≈........
≈.≈...≈..S≈≈≈≈≈≈........
≈...........≈≈≈≈.§§.....
............≈≈≈§§§§....≈
.............≈≈§@§§...≈≈
..............§§H§≈≈≈≈≈≈
...............§§§§≈≈≈≈≈
..............m≈≈≈≈.≈≈≈≈
..............[≈≈≈≈≈≈≈≈≈
...............≈≈≈≈≈≈≈≈#
............m.≈≈≈≈≈≈≈≈#≈
≈≈...........≈≈≈≈≈≈≈≈≈#
≈≈≈.......≈≈≈≈≈≈≈≈≈


You could see a merfolk impaler, 3 merfolk javelineers, a sea snake (wandering),
a merfolk, a hippogriff and a merfolk siren.

Vanquished Creatures
  An Ice Fiend (IceCv)
  Gastronok (D:8)
  Ilsuiw (Shoals:4)
  A ghost moth (Spider:2)
  An emperor scorpion (Spider:3)
  Louise (Spider:3)
  2 entropy weavers
  2 spark wasps (Spider:3)
  An ettin (Orc:1)
  4 merfolk impalers
  Snorg (Lair:5)
  Fannar (D:9)
  3 merfolk avatars
  7 hydras
  A catoblepas (Lair:4)
  A satyr (Shoals:4)
  4 two-headed ogres
  A death knight (D:10)
  A centaur warrior (D:9)
  2 merfolk aquamancers (Shoals:4)
  5 death yaks
  4 orc high priests (Orc:2)
  Sonja (Orc:1)
  A fire crab (Lair:4)
  An unseen horror (D:9)
  7 sea snakes
  An orc knight (Orc:1)
  9 orb spiders
  11 wolf spiders
  An anaconda skeleton (Volcano)
  2 orc sorcerers
  12 harpies
  An oklob plant (Lair:3)
  A cyclops (Shoals:2)
  16 fauns
  11 manticores
  2 moths of wrath
  A centaur zombie (D:10)
  3 water nymphs
  3 ice statues (IceCv)
  3 elephants (Lair:6)
  8 merfolk sirens
  The ghost of rywalker the Chopper, a novice MiBe of Trog (D:5)
  7 black mambas
  2 torpor snails
  Psyche (D:8)
  10 spiny frogs
  3 gargoyles (Volcano)
  2 rime drakes
  4 komodo dragons
  2 anaconda simulacra (IceCv)
  A golden dragon simulacrum (IceCv)
  11 ice devils (IceCv)
  13 merfolk
  4 demonic crawlers
  6 trolls
  4 hornets
  20 jumping spiders
  3 polar bears
  3 wind drakes
  A harpy skeleton (Volcano)
  8 snapping turtles
  19 blink frogs
  13 dream sheep
  A flying skull (Volcano)
  8 hippogriffs
  40 redbacks
  10 spriggans (Lair:6)
  6 water elementals
  13 tarantellas
  A dire elephant simulacrum (IceCv)
  3 wyverns
  27 yaks
  An alligator skeleton (Volcano)
  A wraith (D:10)
  A basilisk (Lair:6)
  Eustachio (D:5)
  3 harpy simulacra (IceCv)
  2 iron troll simulacra (IceCv)
  4 wargs
  A hydra simulacrum (IceCv)
  2 hell hounds (Lair:6)
  15 water moccasins
  27 orc warriors
  16 porcupines
  8 sky beasts
  7 black bears
  The ghost of Firebatgyro the Conjurer, an amateur OgCj (D:3)
  4 ice beasts
  4 phantoms
  An eye of draining (D:10)
  12 ogres
  8 boggarts
  28 wolves
  5 centaurs
  7 crocodiles
  9 big kobolds
  10 bullfrogs
  5 gnoll sergeants (D:9)
  A water moccasin zombie (D:7)
  5 scorpions
  6 killer bees (D:10)
  4 electric eels
  2 howler monkeys (D:6)
  A spriggan skeleton (Volcano)
  A troll skeleton (Volcano)
  7 crimson imps
  3 bullfrog zombies
  4 hounds
  5 jellies
  36 orc priests
  Ijyb (D:5)
  2 centaur skeletons
  3 iguanas
  29 orc wizards
  6 worker ants
  2 naga skeletons (Volcano)
  4 hound zombies
  A howler monkey zombie (D:8)
  15 gnolls
  8 adders
  3 river rats
  A shadow imp (D:7)
  7 oozes
  An adder zombie (D:9)
  2 adder skeletons
  7 worms
  4 dart slugs
  3 leopard geckos
  83 orcs
  5 ball pythons
  7 bats
  6 giant cockroaches
  10 goblins
  11 hobgoblins
  9 jackals
  34 kobolds
  2 quokkas
  3 frilled lizards
  14 rats
  A fungus (Lair:6)
  5 plants
935 creatures vanquished.

Vanquished Creatures (others)
  An ice dragon (Spider:3)
  An alligator snapping turtle (Shoals:4)
  2 skeletal warriors (Volcano)
  2 anaconda skeletons (Volcano)
  A faun (Shoals:1)
  A cyclops (Shoals:2)
  2 gargoyles (Volcano)
  A jumping spider (Spider:1)
  2 flying skulls (Volcano)
  2 alligator skeletons (Volcano)
  3 yaks (Lair:6)
  An orc warrior (Orc:1)
  3 centaurs
  2 orcs (Orc:1)
  2 kobolds (Bailey)
  12 fungi
  2 plants
40 creatures vanquished.

Grand Total: 975 creatures vanquished

Notes
Turn   | Place    | Note
-------+----------+-------------------------------------------
     0 | Abyss:1  | Faca the Gnoll Abyssal Knight began the quest for the Orb.
     0 | Abyss:1  | Reached XP level 1. HP: 23/23 MP: 3/3
     0 | Abyss:1  | Found a corrupted altar of Lugonu.
    74 | Abyss:1  | Noticed a ynoxinul
    79 | D:1      | Escaped the Abyss
   246 | D:1      | Reached XP level 2. HP: 29/29 MP: 5/5
   426 | D:1      | Reached * piety under Lugonu
   563 | D:1      | Reached XP level 3. HP: 32/35 MP: 6/6
   818 | D:2      | Reached skill level 1 in Short Blades
   818 | D:2      | Reached skill level 1 in Axes
   818 | D:2      | Reached skill level 1 in Maces & Flails
   818 | D:2      | Reached skill level 1 in Polearms
   818 | D:2      | Reached skill level 1 in Staves
   818 | D:2      | Reached skill level 1 in Slings
   818 | D:2      | Reached skill level 1 in Bows
   818 | D:2      | Reached skill level 1 in Crossbows
   818 | D:2      | Reached skill level 1 in Throwing
   818 | D:2      | Reached skill level 1 in Stealth
   818 | D:2      | Reached skill level 1 in Shields
   818 | D:2      | Reached skill level 1 in Unarmed Combat
   818 | D:2      | Reached skill level 1 in Spellcasting
   818 | D:2      | Reached skill level 1 in Evocations
   977 | D:2      | Reached XP level 4. HP: 41/41 MP: 7/7
  1467 | D:3      | Found a runed translucent gate.
  1467 | D:3      | Found a runed translucent gate.
  1467 | D:3      | Found a runed translucent gate.
  1467 | D:3      | Noticed Firebatgyro's ghost (amateur OgCj)
  1468 | D:3      | Identified the +4 short sword "Beetleslayer" {pain, rF+
                  | Int+3 SInv}
  1468 | D:3      | Identified the +5 scale mail of the Lute {rF+ rN+}
  1470 | D:3      | Found a roughly hewn altar of Beogh.
  1544 | D:3      | Reached skill level 1 in Conjurations
  1544 | D:3      | Reached skill level 1 in Hexes
  1544 | D:3      | Reached skill level 1 in Charms
  1544 | D:3      | Reached skill level 1 in Summonings
  1544 | D:3      | Reached skill level 1 in Necromancy
  1544 | D:3      | Reached skill level 1 in Translocations
  1544 | D:3      | Reached skill level 1 in Transmutations
  1544 | D:3      | Reached skill level 1 in Fire Magic
  1544 | D:3      | Reached skill level 1 in Ice Magic
  1544 | D:3      | Reached skill level 1 in Air Magic
  1544 | D:3      | Reached skill level 1 in Earth Magic
  1544 | D:3      | Reached skill level 1 in Poison Magic
  1823 | D:3      | Reached XP level 5. HP: 47/47 MP: 8/8
  1899 | D:3      | Reached ** piety under Lugonu
  2630 | D:3      | Reached skill level 5 in Invocations
  2630 | D:3      | Reached XP level 6. HP: 12/53 MP: 9/9
  3435 | D:4      | Reached skill level 5 in Long Blades
  3435 | D:4      | Reached skill level 5 in Armour
  3792 | D:4      | Reached XP level 7. HP: 56/59 MP: 10/10
  3834 | D:4      | Reached *** piety under Lugonu
  4306 | D:5      | Entered Level 5 of the Dungeon
  4456 | D:5      | Noticed Eustachio
  4468 | D:5      | Killed Eustachio
  4468 | D:5      | Reached XP level 8. HP: 65/67 MP: 12/12
  4615 | D:5      | Found a glowing drain.
  4624 | Sewer    | Entered a sewer
  4764 | Sewer    | Reached **** piety under Lugonu
  4871 | Sewer    | Found a white marble altar of Elyvilon.
  4953 | D:5      | Found a shimmering blue altar of Sif Muna.
  5043 | D:5      | Noticed Ijyb
  5051 | D:5      | Killed Ijyb
  5178 | D:5      | Found a runed translucent gate.
  5178 | D:5      | Found a runed translucent gate.
  5179 | D:5      | Found a runed translucent gate.
  5180 | D:5      | Found an opulent altar of Gozag.
  5183 | D:5      | Noticed rywalker's ghost (novice MiBe)
  5534 | D:6      | Found Feps's Book Shoppe.
  5650 | D:6      | Reached XP level 9. HP: 52/72 MP: 14/14
  6406 | D:6      | Found Lotsarit's Jewellery Emporium.
  6414 | D:6      | Bought a cursed -4 ring of protection for 22 gold pieces
  6416 | D:6      | Found a staircase to the Ecumenical Temple.
  6501 | D:6      | Found Toky's Book Emporium.
  6552 | D:6      | Found Obbocy's Assorted Antiques.
  6555 | D:6      | Bought a scroll labeled QAICAL JOUD for 21 gold pieces
  6555 | D:6      | Bought a scroll labeled VEOTAACROO for 21 gold pieces
  6584 | D:6      | Found Dowkescha's Weapon Boutique.
  6793 | D:7      | Reached skill level 5 in Dodging
  7986 | D:7      | Found a basalt altar of Yredelemnul.
  8528 | D:8      | Reached XP level 10. HP: 63/80 MP: 17/17
  8559 | D:8      | Found a flagged portal.
  8579 | Bailey   | Entered a bailey
  8591 | Bailey   | Noticed an orc warlord
  8626 | Bailey   | Reached ***** piety under Lugonu
  9117 | Bailey   | Found a runed translucent gate.
  9120 | Bailey   | Found a runed translucent gate.
  9122 | Bailey   | Found a runed translucent gate.
  9173 | Bailey   | Banished an orc warlord
  9173 | Bailey   | Reached skill level 5 in Short Blades
  9173 | Bailey   | Reached skill level 5 in Axes
  9173 | Bailey   | Reached skill level 5 in Maces & Flails
  9173 | Bailey   | Reached skill level 5 in Polearms
  9173 | Bailey   | Reached skill level 5 in Staves
  9173 | Bailey   | Reached skill level 5 in Slings
  9173 | Bailey   | Reached skill level 5 in Bows
  9173 | Bailey   | Reached skill level 5 in Crossbows
  9173 | Bailey   | Reached skill level 5 in Throwing
  9173 | Bailey   | Reached skill level 5 in Stealth
  9173 | Bailey   | Reached skill level 5 in Shields
  9173 | Bailey   | Reached skill level 5 in Unarmed Combat
  9173 | Bailey   | Reached skill level 5 in Spellcasting
  9173 | Bailey   | Reached skill level 5 in Evocations
  9201 | Bailey   | Got a crude hunting sling
  9202 | Bailey   | Identified 2 scrolls of acquirement
  9203 | Bailey   | Got a clouded copper ring
  9208 | Bailey   | Identified the ring "Nanwoebb" {+Blink rC+ MP+9 Str+10
                  | Dex-4} (You acquired it in a bailey)
  9214 | Bailey   | Identified the cursed +0 hunting sling of Uncomfortable
                  | Rashes {speed, rF+ Str-4 Int+4} (You found it in a bailey)
  9275 | D:8      | Got a crude lapis lazuli ring
  9285 | D:8      | Identified the ring of Xom's Envy {rC+ rN+ MR+} (You found
                  | it on level 8 of the Dungeon)
  9487 | D:8      | Noticed Psyche
  9487 | D:8      | Noticed Gastronok
  9657 | D:8      | Killed Psyche
  9681 | D:8      | Killed Gastronok
  9681 | D:8      | Reached XP level 11. HP: 64/87 MP: 19/19
 10436 | D:9      | Noticed a two-headed ogre
 10446 | D:9      | Killed a two-headed ogre
 10630 | D:9      | Found Bideot's Distillery.
 10675 | D:9      | Reached skill level 5 in Conjurations
 10675 | D:9      | Reached skill level 5 in Hexes
 10675 | D:9      | Reached skill level 5 in Charms
 10675 | D:9      | Reached skill level 5 in Summonings
 10675 | D:9      | Reached skill level 5 in Necromancy
 10675 | D:9      | Reached skill level 5 in Translocations
 10675 | D:9      | Reached skill level 5 in Transmutations
 10675 | D:9      | Reached skill level 5 in Fire Magic
 10675 | D:9      | Reached skill level 5 in Ice Magic
 10675 | D:9      | Reached skill level 5 in Air Magic
 10675 | D:9      | Reached skill level 5 in Earth Magic
 10675 | D:9      | Reached skill level 5 in Poison Magic
 11113 | D:9      | Found Jeggun's Weapon Emporium.
 11208 | D:9      | Noticed a death yak
 11231 | D:9      | Killed a death yak
 11279 | D:9      | Found a staircase to the Lair.
 11280 | D:9      | Noticed a death yak
 11280 | D:9      | Noticed a death yak
 11898 | D:7      | Killed a death yak
 11939 | D:8      | Killed a death yak
 12186 | D:9      | Found Wuppej's Jewellery Shop.
 12221 | D:9      | Found Ogugos's Weapon Emporium.
 12438 | D:9      | Noticed a five-headed hydra
 12448 | D:9      | Killed a five-headed hydra
 12563 | D:9      | Noticed a centaur warrior
 12573 | D:9      | Killed a centaur warrior
 12573 | D:9      | Reached XP level 12. HP: 87/96 MP: 22/22
 12625 | D:9      | Noticed a two-headed ogre
 12631 | D:9      | Killed a two-headed ogre
 12875 | D:9      | Found a staircase to the Orcish Mines.
 13544 | D:10     | Entered Level 10 of the Dungeon
 13998 | D:10     | Noticed a death knight
 14019 | D:10     | Killed a death knight
 14333 | Lair:1   | Entered Level 1 of the Lair of Beasts
 14366 | Lair:1   | Noticed a seven-headed hydra
 14379 | Lair:1   | Killed a seven-headed hydra
 14657 | Lair:1   | Reached ****** piety under Lugonu
 14877 | Lair:1   | Reached skill level 10 in Fighting
 15049 | Lair:1   | Noticed a five-headed hydra
 15062 | Lair:1   | Killed a five-headed hydra
 15423 | Lair:2   | Found a hole to the Spider Nest.
 15435 | Lair:2   | Reached XP level 13. HP: 90/103 MP: 24/24
 16133 | Lair:2   | Found a staircase to the Shoals.
 17724 | Lair:4   | Reached skill level 10 in Invocations
 18412 | Lair:4   | Found a sacrificial altar of Ru.
 20645 | Lair:5   | Noticed Snorg
 20652 | Lair:5   | Killed Snorg
 20652 | Lair:5   | Reached XP level 14. HP: 103/111 MP: 26/26
 21477 | Lair:6   | Entered Level 6 of the Lair of Beasts
 22021 | Lair:6   | Reached skill level 10 in Long Blades
 22021 | Lair:6   | Reached skill level 10 in Armour
 22091 | Lair:6   | Found a dark tunnel.
 22152 | Volcano  | Entered a volcano
 22717 | Volcano  | Identified a +0 pair of boots of running (You found it in a
                  | volcano)
 23420 | Lair:6   | Found a viscous altar of Jiyva.
 23431 | Lair:6   | Found a staircase to the Slime Pits.
 24361 | Lair:6   | Paralysed by a hornet for 2 turns
 25238 | Orc:1    | Entered Level 1 of the Orcish Mines
 25484 | Orc:1    | Noticed Fannar
 25725 | D:9      | Killed Fannar
 26402 | Orc:1    | Reached XP level 15. HP: 119/119 MP: 28/28
 26508 | Orc:1    | Noticed Sonja
 26510 | Orc:1    | Killed Sonja
 26983 | Orc:2    | Entered Level 2 of the Orcish Mines
 27714 | Orc:2    | Reached skill level 10 in Dodging
 28878 | Orc:2    | Found Neogg's Book Boutique.
 28878 | Orc:2    | Found Zejinwox's Magic Scroll Shop.
 28882 | Orc:2    | Found Gomeoniy's Distillery.
 28882 | Orc:2    | Found Koylaatt's Food Shop.
 29052 | Orc:2    | Found a staircase to the Elven Halls.
 29507 | D:6      | Bought the ring of Minli {rPois rC+ MR+ Dex+4 SInv} for 598
                  | gold pieces
 29651 | Orc:2    | Bought a scroll of identify for 24 gold pieces
 29651 | Orc:2    | Bought a scroll of identify for 24 gold pieces
 29651 | Orc:2    | Bought a scroll of brand weapon for 240 gold pieces
 29651 | Orc:2    | Bought a scroll of magic mapping for 42 gold pieces
 29765 | Spider:1 | Entered Level 1 of the Spider Nest
 30763 | Spider:2 | Reached skill level 10 in Short Blades
 30763 | Spider:2 | Reached skill level 10 in Axes
 30763 | Spider:2 | Reached skill level 10 in Maces & Flails
 30763 | Spider:2 | Reached skill level 10 in Polearms
 30763 | Spider:2 | Reached skill level 10 in Staves
 30763 | Spider:2 | Reached skill level 10 in Slings
 30763 | Spider:2 | Reached skill level 10 in Bows
 30763 | Spider:2 | Reached skill level 10 in Crossbows
 30763 | Spider:2 | Reached skill level 10 in Throwing
 30763 | Spider:2 | Reached skill level 10 in Stealth
 30763 | Spider:2 | Reached skill level 10 in Shields
 30763 | Spider:2 | Reached skill level 10 in Unarmed Combat
 30763 | Spider:2 | Reached skill level 10 in Spellcasting
 30763 | Spider:2 | Reached skill level 10 in Evocations
 31432 | Spider:2 | You fall into a shaft and drop 1 floor!
 31476 | Spider:3 | Noticed Louise
 31499 | Spider:3 | Killed Louise
 31567 | Spider:3 | Noticed Arachne
 31571 | Spider:3 | Banished Arachne
 31679 | Spider:3 | Found a frozen archway.
 31687 | IceCv    | Entered an ice cave
 32491 | IceCv    | Reached XP level 16. HP: 127/127 MP: 30/30
 32766 | IceCv    | Noticed an Ice Fiend
 32775 | IceCv    | HP: 2/190 [Ice Fiend (12)]
 32776 | IceCv    | Killed an Ice Fiend
 32792 | IceCv    | Got an encrusted hunting sling
 32793 | IceCv    | Identified the +6 hunting sling of Upheaval {flame, rElec
                  | rC+ rN+} (You found it in an ice cave)
 33411 | Spider:2 | Found a large runed translucent door.
 33411 | Spider:2 | Found a large runed translucent door.
 33411 | Spider:2 | Noticed Vuykkinei's ghost (adept TrBe)
 34282 | Spider:3 | Found a runed translucent door.
 34283 | Spider:3 | Noticed GoodDemon3's ghost (adept FoFi)
 35062 | Spider:4 | Entered Level 4 of the Spider Nest
 35062 | Spider:4 | Noticed Agnes
 35062 | Spider:4 | Noticed Mara
 35560 | D:3      | Killed Firebatgyro's ghost
 35792 | D:5      | Killed rywalker's ghost
 36006 | Shoals:1 | Entered Level 1 of the Shoals
 36202 | Shoals:1 | Found Unnohy's General Store.
 36208 | Shoals:1 | Found Boed's Book Shop.
 36949 | Shoals:1 | Found Oxke's Antique Weapon Shoppe.
 38001 | Shoals:2 | Reached XP level 17. HP: 76/135 MP: 32/32
 38779 | Shoals:4 | Entered Level 4 of the Shoals
 40043 | Shoals:4 | Noticed Ilsuiw
 40060 | Shoals:4 | Killed Ilsuiw
 40623 | Shoals:4 | HP: 4/135 [merfolk javelineer/javelin (31)]
 40625 | Shoals:4 | Hit by a javelin thrown by a merfolk javelineer

Levels and vault maps discovered:
D:1:      saegor_arrival_simple_d, layout_loops_ring, minmay_misc_feat_enclosed,
          ebering_dispersal_statue_hall
D:2:      layout_basic
D:3:      layout_loops_ring, first_ration, biasface_ghost_orc_armoury
D:4:      corexii_shack_village, layout_basic
D:5:      layout_basic, marbit_many_paths, ebering_ghost_gozag,
          portal_sewer_entry_b, minmay_strange_pillars, minmay_misc_feat_plants,
          uniq_eustachio, uniq_ijyb
D:6:      layout_basic, minmay_temple_entry_crystal_x, serial_shops, shop,
          nicolae_shop_behind_doors, shop_statue, kennysheep_mini_moat,
          shop_statue, grunt_ministairs_14
D:7:      layout_loops_cross, basic_altar
D:8:      layout_basic, enter_bailey_8, hangedman_little_slice_of_home,
          uniq_psyche, uniq_gastronok
D:9:      layout_long_grid, dpeg_lair_monsters,
          kennysheep_orc_monster_closet_entryway, serial_shops, shop,
          shop_fountains, nicolae_shop_crystal, shop, grunt_ministairs_2,
          minmay_evil_grid
D:10:     layout_long_grid
Lair:1:   layout_misc_corridors, minmay_lair_oklob_chamber, grunt_megastairs_3,
          serial_bayou_shore_a
Lair:2:   layout_concentric_octagons, shoals_dummy_entry,
          spider_nest_entry_web_field, serial_rivers,
          chequers_serial_rivers_small_3, chequers_serial_rivers_marsh,
          chequers_serial_rivers_micro_c, chequers_serial_rivers_micro_a,
          beast_lair_carwin_11, serial_bayou_shore_b
Lair:3:   layout_roguey, serial_bayou_shore_b, lemuel_fruit_fields,
          infiniplex_staircase_pool, grunt_megastairs_4
Lair:4:   layout_hall_layers, basic_altar
Lair:5:   layout_cave_pods, kilobyte_rumbling_trees, lemuel_fruit_tree,
          uniq_snorg
Lair:6:   minmay_lair_end_enchanted_forest, layout_regular_city,
          dpeg_slime_entry_enclosed_altar, enter_volcano_3
Shoals:1: layout_shoals, serial_shops, shop, shop, nicolae_shop_crystal
Shoals:2: layout_shoals, nicolae_shoals_circle_sea_wall
Shoals:3: layout_shoals
Shoals:4: shoals_end_grunt_ice, layout_shoals, shoals_ilsuiw_ice, uniq_nikola
Spider:1: layout_spider_delve
Spider:2: layout_spider_delve, ebering_ghost_disaster_area,
          spiders_nest_hornet_nest
Spider:3: layout_spider_delve, ebering_ghost_reflecting_pool,
          portal_ice_cave_entry_dragon, uniq_louise, uniq_arachne
Spider:4: johnstein_spider_rune_arachne_lair, uniq_agnes, uniq_mara,
          uniq_asterion
Orc:1:    layout_caves, uniq_sonja, uniq_fannar
Orc:2:    st_orc_mages, layout_caves

Skill      XL: |  1  2  3  4  5  6  7  8  9 10 11 12 13 14 15 16 17 |
---------------+----------------------------------------------------+-----
Short Blades   | 1 2 3 4 5 6 7 8 9 10 11 | 11.3
Axes           | 1 2 3 4 5 6 7 8 9 10 11 | 11.3
Maces & Flails | 1 2 3 4 5 6 7 8 9 10 11 | 11.3
Polearms       | 1 2 3 4 5 6 7 8 9 10 11 | 11.3
Staves         | 1 2 3 4 5 6 7 8 9 10 11 | 11.3
Slings         | 1 2 3 4 5 6 7 8 9 10 11 | 11.3
Bows           | 1 2 3 4 5 6 7 8 9 10 11 | 11.3
Crossbows      | 1 2 3 4 5 6 7 8 9 10 11 | 11.3
Throwing       | 1 2 3 4 5 6 7 8 9 10 11 | 11.3
Stealth        | 1 2 3 4 5 6 7 8 9 10 11 | 11.3
Shields        | 1 2 3 4 5 6 7 8 9 10 11 | 11.3
Unarmed Combat | 1 2 3 4 5 6 7 8 9 10 11 | 11.3
Spellcasting   | 1 2 3 4 5 6 7 8 9 10 11 | 11.3
Evocations     | 1 2 3 4 5 6 7 8 9 10 11 | 11.3
Conjurations   | 1 2 3 4 5 6 7 8 9 |  9.7
Hexes          | 1 2 3 4 5 6 7 8 9 |  9.7
Charms         | 1 2 3 4 5 6 7 8 9 |  9.7
Summonings     | 1 2 3 4 5 6 7 8 9 |  9.7
Necromancy     | 1 2 3 4 5 6 7 8 9 |  9.7
Translocations | 1 2 3 4 5 6 7 8 9 |  9.7
Transmutations | 1 2 3 4 5 6 7 8 9 |  9.7
Fire Magic     | 1 2 3 4 5 6 7 8 9 |  9.7
Ice Magic      | 1 2 3 4 5 6 7 8 9 |  9.7
Air Magic      | 1 2 3 4 5 6 7 8 9 |  9.7
Earth Magic    | 1 2 3 4 5 6 7 8 9 |  9.7
Poison Magic   | 1 2 3 4 5 6 7 8 9 |  9.7
Dodging        | 3 4 5 6 7 8 9 10 11 | 11.6
Invocations    | 5 6 7 8 9 10 11 12 | 12.9
Long Blades    | 5 6 7 8 9 10 11 12 | 12.1
Armour         | 5 6 7 8 9 10 11 12 | 12.1
Fighting       | 7 8 9 10 11 12 | 12.8

Action                   |  1- 3 |  4- 6 |  7- 9 | 10-12 | 13-15 | 16-18 || total
-------------------------+-------+-------+-------+-------+-------+-------++-------
Melee: Falchion          |    70 |   273 |   671 |   582 |       |       ||  1596
       Bite              |     9 |    43 |    96 |   152 |   359 |   105 ||   764
       Dagger            |       |       |       |   364 |  1549 |       ||  1913
       Double sword      |       |       |       |       |   657 |   613 ||  1270
 Fire: Hunting sling     |       |       |       |       |       |    18 ||    18
Throw: Boomerang         |       |       |       |     7 |    69 |    69 ||   145
       Stone             |       |       |       |       |       |     1 ||     1
Invok: Depart the Abyss  |     1 |       |       |       |       |       ||     1
       Banish            |       |       |       |     1 |     2 |     5 ||     8
       Bend Space        |       |       |       |     7 |       |       ||     7
Evoke: Wand              |       |       |     4 |    23 |     4 |       ||    31
  Use: Scroll            |     4 |    10 |     7 |     9 |    22 |    11 ||    63
       Potion            |       |       |       |       |    14 |    11 ||    25
 Stab: Sleeping          |     3 |       |       |       |     9 |     6 ||    18
       Paralysed         |       |       |    10 |       |     2 |       ||    12
       Distracted        |       |       |       |     1 |     1 |     2 ||     4
  Eat: Chunk             |       |    10 |     9 |    17 |    35 |    14 ||    85
       Ration            |       |       |     2 |     2 |     6 |     4 ||    14
Armor: Leather armour    |    17 |     5 |       |       |       |       ||    22
       Ring mail         |       |    77 |       |       |       |       ||    77
       Chain mail        |       |     8 |   327 |   262 |   210 |       ||   807
       Scale mail        |       |       |       |       |   357 |   188 ||   545
Dodge: Dodged            |    39 |    81 |   145 |   206 |   682 |   305 ||  1458
Block: Shield            |     7 |   110 |   302 |   733 |  2034 |   715 ||  3901
       Reflection        |       |       |       |    26 |    33 |    68 ||   127
       Rpst.: Falchion   |    13 |    19 |    36 |    30 |       |       ||    98
       Double sword      |       |       |       |       |    68 |    66 ||   134
